 Dungeon Crawl Stone Soup version 0.29.0-5-ge4962eb29e (webtiles) character file.

Game seed: 12411780511544362982

1961 oldmanjim the Ruffian (level 9, -12/105 HPs)
             Began as an Ogre Transmuter on Aug 28, 2022.
             Mangled by a skeletal warrior
             ... wielding a +0 battleaxe
              (27 damage)
             ... on level 6 of the Dungeon.
             The game lasted 00:47:05 (8878 turns).

oldmanjim the Ruffian (Ogre Transmuter)             Turns: 8878, Time: 00:47:06

Health: -12/105    AC:  7    Str: 16    XL:     9   Next: 19%
Magic:  16/18      EV: 14    Int: 18    God:
Gold:   266        SH:  0    Dex:  9    Spells: 12/20 levels left

rFire   x . .      SeeInvis .     - Unarmed
rCold   + + +      Faith    .   (shield currently unavailable)
rNeg    . . .      Spirit   .   (body armour currently unavailable)
rPois   +          Reflect  .   (helmet currently unavailable)
rElec   .          Harm     .   (cloak currently unavailable)
rCorr   .          Rampage  .   (gloves unavailable)
Will    .....                   (boots unavailable)
Stlth   +.........              (no amulet)
HPRegen 0.27/turn               p - ring of wizardry
MPRegen 0.16/turn               y - +4 ring of evasion

@: ice-form, invisible
A: freezing attack, amphibious, boosted hp, large, unfitting armour, (tough skin
1)
a: End Transformation


You were on level 6 of the Dungeon.
You were a creature of crystalline ice.
You visited 2 branches of the dungeon, and saw 8 of its levels.
You also visited: Sewer.

You collected 266 gold pieces.

Inventory:

Missiles
 c - 42 stones (quivered)
 k - 3 poisoned darts
 s - 6 boomerangs
 x - 2 silver javelins
Armour
 a - a +0 robe (melded)
Jewellery
 p - a ring of wizardry (left front paw)
 y - a +4 ring of evasion (right front paw)
Wands
 r - a wand of digging (9)
 F - a wand of flame (16)
 G - a wand of mindburst (10)
Scrolls
 e - a scroll of vulnerability
 g - 6 scrolls of fear
 i - 3 scrolls of magic mapping
 l - 4 scrolls of butterflies
 m - 3 scrolls of teleportation
 n - a scroll of noise {unknown}
 o - a scroll of enchant armour {unknown}
 w - a scroll of torment {unknown}
 A - a scroll of acquirement {unknown}
 B - 2 scrolls of immolation {unknown}
 E - a scroll of silence {unknown}
 H - a scroll of brand weapon
Potions
 b - a potion of lignification
 d - a potion of brilliance
 f - 3 potions of curing
 j - 3 potions of attraction
 q - a potion of berserk rage
 t - 2 potions of invisibility
 u - 3 potions of flight {unknown}
 v - 3 potions of mutation {unknown}
 z - a potion of might {unknown}
 C - 2 potions of ambrosia {unknown}
 D - a potion of cancellation {unknown}


   Skills:
 - Level 5.0 Fighting
 - Level 3.0 Dodging
 + Level 6.1 Unarmed Combat
 - Level 6.0 Spellcasting
 + Level 5.3 Transmutations
 - Level 4.0 Ice Magic
 - Level 0.5 Poison Magic


You had 12 spell levels left.
You knew the following spells:

 Your Spells              Type           Power      Damage    Failure   Level
a - Beastly Appendage     Tmut           48%        N/A       1%          1
b - Spider Form           Tmut/Pois      16%        N/A       4%          3
c - Ice Form              Ice/Tmut       22%        N/A       7%          4

Your spell library contained the following spells:

 Spells                   Type           Power      Damage    Failure   Level
 Wereblood                Tmut           24%        N/A       1%          2
 Passwall                 Tmut/Erth      12%        N/A       2%          2
 Sandblast                Erth           10%        2d5       4%          1
 Blink                    Tloc           10%        N/A       8%          2
 Lesser Beckoning         Tloc           5%         N/A       14%         3
 Stone Arrow              Conj/Erth      10%        3d7       14%         3
 Manifold Assault         Tloc           5%         N/A       75%         5


Dungeon Overview and Level Annotations

Branches:
Dungeon (7/15)             Temple (1/1) D:6           Sewer (visited)

Altars:
Ashenzari
Cheibriados
Dithmenos
Fedhas
Hepliaklqana
Kikubaaqudgha
Makhleb
Nemelex Xobeh
Qazlal
Ru
Sif Muna
Trog
Uskayaw
Xom
Yredelemnul
Zin
The Shining One

Annotations:
D:5 2 runed translucent doors, Crazy Yiuf; Daunt's ghost, novice MeFi


Innate Abilities, Weirdness & Mutations

You are a creature of crystalline ice.
You have a powerful freezing melee attack.
You are amphibious.
Your maximum health is increased.
Your armour is entirely melded.
You are incapable of wielding weapons or throwing items.
You are too large for most types of armour.
((You have tough skin. (AC +1)))


Message History

Okay, then.
No monsters, items or features are visible.
Throw: 42 stones
Press: ? - help, Q - select action, (/) - cycle Shift-Dir - straight line, f - you
Okay, then.
Unknown command.
No monsters, items or features are visible.
Unknown command.
Unknown command.
No monsters, items or features are visible.
Unknown command.
Level map cleared.
Casting: Ice Form (dangerous; 7% risk of failure)
Confirm with . or Enter, or press ? or * to list all spells.
You turn into a creature of crystalline ice.
Your +0 robe melds into your body.
The skeletal warrior hits you with a +0 battleaxe!
You hit the skeletal warrior but do no damage.
The skeletal warrior hits you with a +0 battleaxe!!
You punch the skeletal warrior! You freeze the skeletal warrior.
The skeletal warrior is moderately damaged.
You hit the skeletal warrior but do no damage.
The skeletal warrior is moderately damaged.
The skeletal warrior hits you but does no damage.
You barely miss the skeletal warrior.
The skeletal warrior is moderately damaged.
The skeletal warrior hits you with a +0 battleaxe!!
You pummel the skeletal warrior!! You freeze the skeletal warrior.
The skeletal warrior is severely damaged.
The skeletal warrior hits you with a +0 battleaxe!!
* * * LOW HITPOINT WARNING * * *
Press: ? - help, v - describe, . - travel The floor.
You fade into invisibility!
The skeletal warrior closely misses you.
You see here a +0 giant spiked club.
There is a stone staircase leading up here.
You see here a scroll of brand weapon.
The skeletal warrior hits you with a +0 battleaxe!!
You die...

######..........#
#####....#..........#
.........#..........#
...##...............#
,[...........#.#.####
*##...###......#.###
###..........)...#
****#####.......z.##***
**,,,,,#........Y.# *_**
,,,,z,.....#......#***,**
,,,,.>...#.#......#,,**,*
,,.......#.#......#,*,*)***
,,.......#.#......#,**,**,*
,,.......#.#......#*,****,*
,,.^.....*.########,*,***,*
,,,,,,,,,,,,,,,,,,*,**,,*,*
,,),,,,,,,*******,*,,**,*,*****


You could see a skeletal warrior (unable to see you).

Vanquished Creatures
  Eustachio (D:5)
  2 water moccasins
  A black bear (D:5)
  An ice beast (D:3)
  An orc warrior (D:6)
  4 ogres
  A phantom (D:5)
  A necrophage (D:5)
  2 scorpions (D:6)
  A jelly (D:4)
  A gnoll bouda (D:4)
  3 hounds
  2 orc wizards (D:6)
  8 iguanas
  14 adders
  9 gnolls
  A river rat (D:3)
  A shadow imp (D:5)
  A white imp (D:6)
  4 worms
  2 dart slugs
  5 orcs
  6 endoplasms
  3 giant cockroaches
  7 goblins
  11 hobgoblins
  2 jackals (D:5)
  5 kobolds
  5 quokkas
  7 ball pythons
  11 bats
  2 frilled lizards (D:1)
  13 rats
138 creatures vanquished.

Notes
Turn   | Place    | Note
-------+----------+-------------------------------------------
     0 | D:1      | oldmanjim the Ogre Transmuter began the quest for the Orb.
     0 | D:1      | Reached XP level 1. HP: 19/19 MP: 3/3
   265 | D:1      | Reached XP level 2. HP: 28/28 MP: 3/5
   726 | D:1      | Reached XP level 3. HP: 36/36 MP: 5/7
   730 | D:1      | Learned a level 3 spell: Spider Form
  1485 | D:2      | Reached XP level 4. HP: 43/45 MP: 9/9
  3256 | D:3      | Reached XP level 5. HP: 39/53 MP: 8/10
  3258 | D:3      | Found a glowing drain.
  3348 | Sewer    | Entered a sewer
  3534 | Sewer    | Learned a level 4 spell: Ice Form
  3571 | Sewer    | Noticed a water moccasin
  3594 | Sewer    | Killed a water moccasin
  3595 | Sewer    | Reached skill level 1 in Ice Magic
  3595 | Sewer    | Reached XP level 6. HP: 22/61 MP: 10/12
  3833 | Sewer    | Upgraded the game from 0.29.0-4-gdea44cf6ec to
                  | 0.29.0-5-ge4962eb29e
  3903 | D:3      | Noticed an ice beast
  3931 | D:3      | Killed an ice beast
  4975 | D:4      | Reached XP level 7. HP: 67/67 MP: 8/13
  6268 | D:5      | Entered Level 5 of the Dungeon
  6424 | D:5      | Reached skill level 5 in Spellcasting
  6424 | D:5      | Reached XP level 8. HP: 54/78 MP: 11/15
  6765 | D:5      | Found a runed translucent door.
  6766 | D:5      | Noticed Crazy Yiuf
  6986 | D:5      | Identified the +3 buckler "Kum Abuh" {-Tele rF++ rC+++
                  | Slay-4}
  6990 | D:5      | Found a runed translucent door.
  6998 | D:5      | Noticed Daunt's ghost (novice MeFi)
  7067 | D:5      | Identified the +0 ring mail of the Orb {rElec rF+ rCorr}
  7151 | D:5      | Reached skill level 5 in Transmutations
  7271 | D:5      | Noticed Eustachio
  7300 | D:5      | Killed Eustachio
  7301 | D:5      | Reached skill level 5 in Unarmed Combat
  7606 | D:6      | Reached skill level 5 in Fighting
  7606 | D:6      | Reached XP level 9. HP: 88/88 MP: 13/17
  7810 | D:6      | Found a staircase to the Ecumenical Temple.
  7819 | Temple   | Entered the Ecumenical Temple
  8241 | D:6      | Found a burning altar of Makhleb.
  8526 | D:7      | Noticed a skeletal warrior
  8526 | D:7      | Noticed a skeletal warrior
  8526 | D:7      | Noticed a skeletal warrior
  8553 | D:6      | HP: 5/105 [skeletal warrior/+0 battleaxe (25)]
  8878 | D:6      | Mangled by a skeletal warrior

Illustrated notes

Levels and vault maps discovered:
D:1:      psy_arrival_fountain, layout_basic
D:2:      layout_basic, serial_co_window_serial, co_window_corner_a,
          co_window_paths_a, co_window_cross_1, co_window_paths_b,
          co_window_paths_a, co_window_2corner, co_window_broadway_c,
          co_window_2corner, co_window_corner_b, co_window_unsneaky_path_b,
          co_window_of_opportunity_c, co_window_broadway_a, glass_columns_a,
          reono_crystal_passage
D:3:      layout_basic, gup_sewer_entry_bubbles
D:4:      layout_rooms, minmay_door_square, minmay_misc_feat_cross, st_stairs_3
D:5:      layout_basic, ebering_ghost_sewer_d, minmay_fountain_box,
          uniq_eustachio, uniq_crazy_yiuf_cottage
D:6:      layout_rooms, marbit_many_paths, minmay_temple_entry_junction
D:7:      layout_basic, grunt_gozag_statues, kennysheep_okawaru_gauntlet,
          mainiacjoe_overflow_concentric_impassable
Temple:   eino_temple_scatter_basement

Skill      XL: |  1  2  3  4  5  6  7  8  9 |
---------------+----------------------------+-----
Transmutations | 2 3 4 5 |  5.3
Fighting       | 2 3 4 5 |  5.0
Spellcasting   | 3 4 5 6 |  6.0
Ice Magic      | 1 3 4 |  4.0
Unarmed Combat | 3 5 6 |  6.1
Dodging        | 3 |  3.0
Poison Magic   | |  0.5

Action                   |  1- 3 |  4- 6 |  7- 9 || total
-------------------------+-------+-------+-------++-------
Melee: Unarmed           |    86 |   184 |   189 ||   459
       Headbutt          |     9 |    17 |       ||    26
       Kick              |    19 |    36 |     3 ||    58
       Punch             |     3 |     2 |       ||     5
Throw: Stone             |     3 |     1 |       ||     4
 Cast: Beastly Appendage |    23 |    26 |     2 ||    51
       Spider Form       |       |     4 |       ||     4
       Ice Form          |       |     5 |    26 ||    31
  Use: Scroll            |     3 |     3 |     7 ||    13
       Potion            |       |     2 |     4 ||     6
Armor: Robe              |    25 |    82 |     4 ||   111
       Skin              |       |    11 |    42 ||    53
Dodge: Dodged            |    39 |   122 |   119 ||   280
